 Dungeon Crawl Stone Soup version 0.29-a0-231-g945431f764 (webtiles) character file.

Game seed: 6587286736422531424

602 leetdood the Stinger (level 7, -1/56 HPs)
             Began as a Naga Venom Mage on Mar 1, 2022.
             Was a Priest of Jiyva.
             Slain by an orc
             ... wielding a +0 mace
              (8 damage)
             ... on level 5 of the Dungeon.
             The game lasted 00:37:59 (4014 turns).

leetdood the Stinger (Naga Venom Mage)              Turns: 4014, Time: 00:38:02

Health: -1/56      AC:  3    Str: 11    XL:     7   Next: 41%
Magic:  10/13      EV: 10    Int: 19    God:    Jiyva [***...]
Gold:   141        SH:  0    Dex: 11    Spells: 11/14 levels left

rFire   . . .      SeeInvis +   i - +0 dagger (drain)
rCold   . . .      Faith    .   (no shield)
rNeg    . . .      Spirit   .   m - +0 robe
rPois   +          Reflect  +   (no helmet)
rElec   .          Harm     .   (no cloak)
rCorr   +          Rampage  .   (no gloves)
Will    .....                   (no barding)
Stlth   +.........              j - amulet of reflection
HPRegen 1.30/turn               (no ring)
MPRegen 0.48/turn               (no ring)

@: confused, short of breath, attractive, hasted, quick
A: AC +2, large, see invisible, deformed body, poison resistance, slowness 2,
spit poison 1, naga tail 1, stinger 3, clever 1
a: Spit Poison, Renounce Religion, Oozemancy


You were on level 5 of the Dungeon.
You worshipped Jiyva.
Jiyva was most pleased with you.
You visited 1 branch of the dungeon, and saw 5 of its levels.

You collected 141 gold pieces.

Inventory:

Hand Weapons
 b - a +0 short sword
 i - a +0 dagger of draining (weapon)
Armour
 a - a +0 robe
 f - a +0 robe
 m - a +0 robe (worn)
Jewellery
 j - an amulet of reflection (around neck)
Scrolls
 d - a scroll of enchant weapon {unknown}
 e - 4 scrolls of identify
 g - a scroll of teleportation
 h - 3 scrolls of vulnerability {unknown}
 k - a scroll of silence {unknown}
 l - 2 scrolls of amnesia {unknown}
 o - a scroll of holy word {unknown}
 p - a scroll of noise
 q - a scroll of blinking {unknown}
 r - a scroll of enchant armour {unknown}
Potions
 c - a potion of mutation


   Skills:
 + Level 0.3 Fighting
 + Level 0.1 Short Blades
 + Level 2.0 Dodging
 + Level 3.5 Stealth
 + Level 1.1 Shields
 + Level 4.2 Spellcasting
 + Level 4.1 Transmutations
 + Level 0.1 Air Magic
 + Level 6.6 Poison Magic


You had 11 spell levels left.
You knew the following spells:

 Your Spells              Type           Power      Damage    Failure   Level
a - Sting                 Tmut/Pois      96%        1d7       1%          1
b - Poisonous Vapours     Pois/Air       32%        N/A       4%          2

Your spell library contained the following spells:

 Spells                   Type           Power      Damage    Failure   Level
 Olgreb's Toxic Radiance  Pois           29%        N/A       9%          4
 Apportation              Tloc           8%         N/A       14%         1
 Mephitic Cloud           Conj/Pois/Air  12%        N/A       16%         3
 Corpse Rot               Necr/Air       8%         N/A       21%         2
 Alistair's Intoxication  Tmut/Pois      16%        N/A       38%         5


Dungeon Overview and Level Annotations

Branches:
Dungeon (5/15)
 Temple: D:4-7

Altars:
Gozag
Hepliaklqana
Makhleb
Trog
Uskayaw
Jiyva


Innate Abilities, Weirdness & Mutations

Your serpentine skin is tough. (AC +2)
You have supernaturally acute eyesight. (SInv)
Armour fits poorly on your strangely shaped body.
Your system is resistant to poisons. (rPois)
You cover ground very slowly.
You can spit poison.
You have a snake-like lower body.
Your tail ends in a wickedly sharp and venomous barb.
Your mind is acute. (Int +2)


Message History

Confirm with . or Enter, or press ? or * to list all spells.
Aiming: Sting (safe; 1% risk of failure)
Press: ? - help, Shift-Dir - straight line, f/p - orc wizard
Aim: an orc wizard, wielding a +0 dagger and wearing a +0 robe (lightly wounded, slightly transparent, poisoned, 70% to hit)
The sting hits the orc wizard.
The orc wizard looks even sicker.
The orc wizard is heavily wounded.
The orc wizard hits you with a +0 dagger.
The orc priest closely misses you. The orc hits you but does no damage.
Casting: Sting (safe; 1% risk of failure)
Confirm with . or Enter, or press ? or * to list all spells.
Aiming: Sting (safe; 1% risk of failure)
Press: ? - help, Shift-Dir - straight line, f/p - orc wizard
Aim: an orc wizard, wielding a +0 dagger and wearing a +0 robe (heavily wounded, slightly transparent, very poisoned, 70% to hit)
The sting hits the orc wizard.
The orc wizard looks even sicker.
The orc wizard is severely wounded.
You have got your breath back.
The orc wizard barely misses you.
The orc priest invokes the aid of Beogh against you.
Pain shoots through your body! The orc barely misses you.
Aiming: Spit Poison (1% risk of failure)
Press: ? - help, Shift-Dir - straight line, f/p - orc wizard
Aim: an orc wizard, wielding a +0 dagger and wearing a +0 robe (severely wounded, slightly transparent, very poisoned, 50% to hit)
The splash of poison misses the orc wizard.
The orc wizard hits you with a +0 dagger.
The orc priest invokes the aid of Beogh against you.
Beogh smites you! The orc hits you with a +0 mace.
* * * LOW HITPOINT WARNING * * *
It was a potion of attraction.
You feel attractive to monsters.
The orc wizard points at you and mumbles some strange words.
You are confused.
The orc priest barely misses you. The orc closely misses you.
It was a potion of haste.
You feel yourself speed up. The orc wizard casts a spell at you.
The puff of flame hits you!
* * * LOW HITPOINT WARNING * * *
The orc priest hits you with a +0 club.
* * * LOW HITPOINT WARNING * * *
The orc hits you with a +0 mace!
You die...

##..........##
#......###..##
#....###
###.###
.....## ##..##
.....# ##..##
##...# #...##
##..# ##...#
#..# #...#
#@.##


#ooo# ....## ......# ........# ....#[..# .######.. ##. You could see an orc
priest, an orc wizard (invisible, very poisoned) and an orc.

Vanquished Creatures
  A water moccasin (D:4)
  An ogre (D:4)
  A scorpion (D:4)
  A hound (D:4)
  3 iguanas (D:4)
  4 orc wizards
  3 gnolls (D:4)
  5 adders
  4 worms
  3 dart slugs
  10 orcs
  3 endoplasms
  2 giant cockroaches
  6 goblins
  4 hobgoblins
  2 jackals (D:4)
  3 kobolds (D:1)
  A quokka (D:1)
  8 ball pythons
  5 bats
  5 rats
75 creatures vanquished.

Vanquished Creatures (others)
  3 jellies (D:4)
  3 gnolls (D:4)
  3 worms (D:4)
  4 ball pythons
  4 endoplasms (D:4)
  2 bats (D:3)
  2 kobolds (D:4)
  A rat (D:3)
  A plant (D:1)
23 creatures vanquished.

Grand Total: 98 creatures vanquished

Notes
Turn   | Place    | Note
-------+----------+-------------------------------------------
     0 | D:1      | leetdood the Naga Venom Mage began the quest for the Orb.
     0 | D:1      | Reached XP level 1. HP: 15/15 MP: 3/3
   365 | D:1      | Reached XP level 2. HP: 22/22 MP: 1/5
  1104 | D:1      | Reached XP level 3. HP: 26/28 MP: 3/6
  2084 | D:2      | Reached XP level 4. HP: 36/36 MP: 5/7
  2216 | D:2      | Found a faded altar of an unknown god.
  2221 | D:2      | Prayed at the altar of an unknown god.
  2221 | D:2      | Became a worshipper of Jiyva Jeippov the Shapeless
  2221 | D:2      | Reached * piety under Jiyva
  2383 | D:3      | Reached skill level 1 in Shields
  2550 | D:3      | Found a hazy altar of Hepliaklqana.
  2551 | D:3      | Found a bloodstained altar of Trog.
  2571 | D:3      | Found a burning altar of Makhleb.
  2676 | D:3      | Reached ** piety under Jiyva
  3044 | D:4      | Noticed a scorpion
  3057 | D:4      | Reached skill level 5 in Poison Magic
  3057 | D:4      | Reached XP level 5. HP: 18/42 MP: 6/9
  3114 | D:4      | Reached XP level 6. HP: 49/49 MP: 10/10
  3381 | D:4      | Noticed a water moccasin
  3403 | D:4      | Killed a water moccasin
  3404 | D:4      | Reached skill level 6 in Poison Magic
  3404 | D:4      | Reached XP level 7. HP: 19/56 MP: 8/12
  3411 | D:4      | Found a hide-covered altar of Uskayaw.
  3411 | D:4      | Found an opulent altar of Gozag.
  3566 | D:4      | Learned a level 2 spell: Poisonous Vapours
  3927 | D:4      | Reached *** piety under Jiyva
  3927 | D:4      | Gained mutation: Your tail ends in a venomous barb.
                  | [Jiyva's grace]
  3927 | D:4      | Gained mutation: Your tail ends in a sharp venomous barb.
                  | [Jiyva's grace]
  3927 | D:4      | Gained mutation: Your tail ends in a wickedly sharp and
                  | venomous barb. [Jiyva's grace]
  3927 | D:4      | Gained mutation: Your mind is acute. (Int +2) [Jiyva's
                  | grace]
  3967 | D:5      | Entered Level 5 of the Dungeon
  4014 | D:5      | Slain by an orc

Illustrated notes

Levels and vault maps discovered:
D:1:      lightli_arrival_windingriver, layout_loops_ring, item_on_display_a
D:2:      layout_basic, shapermc_ecumenical_altar_acropolis
D:3:      layout_loops_ring, minitemple
D:4:      minmay_bubble_buster, layout_gridville,
          gammafunk_temple_overflow_statue, chequers_serial_rivers_large_a,
          nicolae_wormholes
D:5:      layout_layer_cave, portal_sewer_entry_e,
          hangedman_abyss_or_decor_stagger

Skill      XL: |  1  2  3  4  5  6  7 |
---------------+----------------------+-----
Transmutations | 2 3 4 |  4.1
Shields        | 1 |  1.1
Poison Magic   | 5 6 |  6.6
Spellcasting   | 3 4 |  4.2
Dodging        | 2 |  2.0
Fighting       | |  0.3
Short Blades   | |  0.1
Stealth        | |  3.5
Air Magic      | |  0.1

Action                   |  1- 3 |  4- 6 |  7- 9 || total
-------------------------+-------+-------+-------++-------
Melee: Unarmed           |    16 |       |       ||    16
       Punch             |     1 |       |     1 ||     2
       Short sword       |     3 |     9 |       ||    12
       Dagger            |       |       |     4 ||     4
 Cast: Sting             |    66 |    86 |    32 ||   184
       Poisonous Vapours |       |       |     8 ||     8
 Abil: Spit Poison       |     4 |    10 |     8 ||    22
  Use: Scroll            |       |     2 |     1 ||     3
       Potion            |       |     3 |     3 ||     6
Armor: Robe              |     4 |    13 |     6 ||    23
Dodge: Dodged            |    14 |    23 |    16 ||    53
Block: Other             |     2 |     6 |     5 ||    13

Table legend: (Time is in decaauts)
 A = Elapsed time spent in this place.
 B = Non-inter-level travel time spent in this place.
 C = Inter-level travel time spent in this place.
 D = Time resting spent in this place.
 E = Time spent auto-exploring this place.
 F = Levels seen in this place.
 G = Mean time per level.
                   A        B        C        D        E       F      G
               +--------+--------+--------+--------+--------+-----+--------+
         Total |   5027 |   4807 |    220 |    949 |   3172 |   5 | 1005.4 |
       Dungeon |   5027 |   4807 |    220 |    949 |   3172 |   5 | 1005.4 |
               +--------+--------+--------+--------+--------+-----+--------+

Top non-repeatable levels by time:
     D:1: 1741 daAuts
     D:4: 1209 daAuts
     D:2: 1155 daAuts
     D:3: 862 daAuts
     D:5: 58 daAuts
